 Dungeon Crawl Stone Soup version 0.30-a0-613-gdd512c7efb (webtiles) character file.

Game seed: 13048932399859396909

235 porpoise the Changer (level 6, -2/44 HPs)
             Began as a Gnoll Wanderer on Jan 9, 2023.
             Slain by a gnoll
             ... wielding a +1 flail of holy wrath
              (7 damage)
             ... on level 3 of the Dungeon.
             The game lasted 00:10:30 (2300 turns).

porpoise the Changer (Gnoll Wanderer)               Turns: 2300, Time: 00:10:31

Health: -2/44      AC: 16    Str:  9    XL:     6   Next: 5%
Magic:  11/11      EV: 10    Int: 12    God:
Gold:   86         SH:  0    Dex: 12    Spells: 10/11 levels left

rFire   . . .      SeeInvis .    a - +0 scimitar
rCold   . . .      Faith    .    (no shield)
rNeg    + . .      Spirit   .    k - +2 ring mail "Roeh" {Harm rN+ Will++ Str-3}
rPois   .          Reflect  .    h - +2 helmet
rElec   .          Harm     +    g - +0 cloak
rCorr   .          Rampage  .    (no gloves)
Will    ++...                    (no boots)
Stlth   +                        (no amulet)
HPRegen 0.27/turn                m - +4 ring of protection
MPRegen 0.12/turn                (no ring)

@: no status effects
A: fangs 1, strong nose, distributed training
a: no special abilities


You were on level 3 of the Dungeon.
You visited 1 branch of the dungeon, and saw 3 of its levels.

You collected 86 gold pieces.

Inventory:

Hand Weapons
 a - a +0 scimitar (weapon)
 b - a +0 sling
 o - a +0 short sword
Missiles
 i - 6 poisoned darts
 l - 4 datura-tipped darts
Armour
 f - a +0 leather armour
 g - a +0 cloak (worn)
 h - a +2 helmet (worn)
 k - the +2 ring mail "Roeh" (worn) {Harm rN+ Will++ Str-3}
   (You found it on level 2 of the Dungeon)

   Str:       It affects your strength (-3).
   rN:        It protects you from negative energy.
   Harm:      It increases damage dealt and taken.
   Will:      It greatly increases your willpower.
Jewellery
 m - a +4 ring of protection (left hand)
Scrolls
 e - 2 scrolls of identify {unknown}
 j - a scroll of magic mapping {unknown}
Potions
 c - a potion of mutation
 d - a potion of attraction {unknown}
 n - 2 potions of berserk rage {unknown}
 p - a potion of invisibility {unknown}


   Skills:
 + Level 1.8 Fighting
 + Level 4.9 Short Blades
 + Level 1.8 Long Blades
 + Level 1.8 Axes
 + Level 1.8 Maces & Flails
 + Level 1.8 Polearms
 + Level 1.8 Staves
 + Level 1.8 Ranged Weapons
 + Level 1.8 Throwing
 + Level 4.9 Armour
 + Level 1.8 Dodging
 + Level 3.0 Stealth
 + Level 1.8 Shields
 + Level 1.8 Unarmed Combat
 + Level 3.3 Spellcasting
 + Level 1.4 Conjurations
 + Level 1.4 Hexes
 + Level 1.4 Summonings
 + Level 1.4 Necromancy
 + Level 1.4 Translocations
 + Level 7.2 Transmutations
 + Level 1.4 Fire Magic
 + Level 1.4 Ice Magic
 + Level 1.4 Air Magic
 + Level 1.4 Earth Magic
 + Level 1.4 Poison Magic
 + Level 2.0 Invocations
 + Level 1.8 Evocations


You had 10 spell levels left.
You knew the following spells:

 Your Spells              Type           Power      Damage    Failure   Level
a - Sting                 Tmut/Pois      48%        1d5       10%         1

Your spell library contained the following spells:

 Spells                   Type           Power      Damage    Failure   Level
 Spider Form              Tmut/Pois      12%        N/A       30%         3
 Foxfire                  Conj/Fire      20%        2x1d5     32%         1
 Ignite Poison            Fire/Tmut/Pois 10%        N/A       41%         3
 Sublimation of Blood     Necr           5%         N/A       45%         2
 Frozen Ramparts          Ice            10%        1d2       69%         3
 Ice Form                 Ice/Tmut       12%        N/A       69%         4
 Petrify                  Tmut/Erth      12%        N/A       69%         4
 Irradiate                Conj/Tmut      6%         3d13      95%         5
 Summon Ice Beast         Ice/Summ       5%         N/A       97%         4
 Conjure Ball Lightning   Conj/Air       2%         3x3d6     100%        6


Dungeon Overview and Level Annotations

Branches:
Dungeon (3/15)

Altars:


Innate Abilities, Weirdness & Mutations

You have very sharp teeth.
Your uncanny sense of smell can sniff out nearby items.
Your experience applies equally to all skills.


Message History

The gnoll barely misses you. x2; The goblin unwields a +0 club.
The goblin wields a +0 sling.
The goblin shoots a sling bullet.
The sling bullet hits you but does no damage.
The gnoll barely misses you.
You hit the gnoll but do no damage.
The gnoll is severely wounded.
The gnoll barely misses you.
The gnoll hits you from afar with a +0 spear.
The gnoll hits you with a +0 spear.
You hit the gnoll.
The gnoll is severely wounded.
The gnoll hits you but does no damage.
The gnoll hits you with a +1 flail of holy wrath.
The gnoll barely misses you. The gnoll completely misses you.
The goblin shoots a sling bullet.
The sling bullet hits you but does no damage.
The gnoll hits you but does no damage.
The gnoll hits you with a +1 flail of holy wrath!
The gnoll hits you with a +0 spear. The gnoll hits you but does no damage.
You hit the gnoll.
The gnoll is severely wounded.
The goblin shoots a sling bullet.
The sling bullet closely misses you.
A ball python comes into view.
The gnoll hits you with a +1 flail of holy wrath.
The gnoll hits you but does no damage. The gnoll hits you with a +0 spear!
* * * LOW HITPOINT WARNING * * *
The gnoll hits you but does no damage.
The goblin shoots a sling bullet.
The sling bullet closely misses you.
You closely miss the gnoll.
The gnoll is severely wounded.
The gnoll hits you but does no damage. The gnoll closely misses you.
The gnoll hits you but does no damage. The gnoll hits you with a +0 flail.
* * * LOW HITPOINT WARNING * * *
You hit the gnoll.
You kill the gnoll!
The gnoll hits you with a +1 flail of holy wrath.
* * * LOW HITPOINT WARNING * * *
The gnoll barely misses you. x3
The gnoll hits you with a +1 flail of holy wrath.
You die...

######### #.......#
#.......## .###########
#........##
.....#.?...###.........#
..........$.#####.<.....
.............# ##.##.###
..?..........# #..# #
......)@g....###.##
......g......#...#
.........g...#.###
......g.S......#
............#### ∆
#####.##.....# #.
##.##.# #. #8.8 .. ∆
..... ...


You could see 3 gnolls, a goblin and a ball python.

Vanquished Creatures
  Sigmund (D:2)
  An adder (D:2)
  2 gnolls
  3 worms (D:2)
  2 dart slugs (D:1)
  5 ball pythons
  9 endoplasms
  A giant cockroach (D:1)
  2 goblins (D:1)
  2 hobgoblins (D:1)
  8 jackals (D:1)
  A quokka (D:1)
  2 bats
  5 frilled lizards
  5 kobolds (D:1)
  6 rats
55 creatures vanquished.

Notes
Turn   | Place    | Note
-------+----------+-------------------------------------------
     0 | D:1      | porpoise the Gnoll Wanderer began the quest for the Orb.
     0 | D:1      | porpoise set off with the following items: a +0 short
                  | sword, a +0 cloak, a potion of mutation, a +0 robe; and the
                  | following spell memorised: Sting; and the following spells
                  | available to memorise: Ignite Poison, Petrify.
     0 | D:1      | Reached XP level 1. HP: 13/13 MP: 4/4
   105 | D:1      | Reached XP level 2. HP: 19/19 MP: 2/5
   468 | D:1      | Reached XP level 3. HP: 18/25 MP: 7/7
   754 | D:1      | Reached skill level 1 in Invocations
   892 | D:1      | Reached skill level 1 in Fighting
   892 | D:1      | Reached skill level 1 in Long Blades
   892 | D:1      | Reached skill level 1 in Axes
   892 | D:1      | Reached skill level 1 in Maces & Flails
   892 | D:1      | Reached skill level 1 in Polearms
   892 | D:1      | Reached skill level 1 in Staves
   892 | D:1      | Reached skill level 1 in Ranged Weapons
   892 | D:1      | Reached skill level 1 in Throwing
   892 | D:1      | Reached skill level 1 in Dodging
   892 | D:1      | Reached skill level 1 in Shields
   892 | D:1      | Reached skill level 1 in Unarmed Combat
   892 | D:1      | Reached skill level 1 in Evocations
  1337 | D:2      | Identified the +2 ring mail "Roeh" {Harm rN+ Will++ Str-3}
  1407 | D:2      | Reached XP level 4. HP: 32/32 MP: 8/8
  1444 | D:2      | Noticed Sigmund
  1469 | D:2      | Killed Sigmund
  1470 | D:2      | Reached skill level 1 in Conjurations
  1470 | D:2      | Reached skill level 1 in Hexes
  1470 | D:2      | Reached skill level 1 in Summonings
  1470 | D:2      | Reached skill level 1 in Necromancy
  1470 | D:2      | Reached skill level 1 in Translocations
  1470 | D:2      | Reached skill level 1 in Fire Magic
  1470 | D:2      | Reached skill level 1 in Ice Magic
  1470 | D:2      | Reached skill level 1 in Air Magic
  1470 | D:2      | Reached skill level 1 in Earth Magic
  1470 | D:2      | Reached skill level 1 in Poison Magic
  1470 | D:2      | Reached XP level 5. HP: 31/38 MP: 9/9
  2071 | D:2      | Reached XP level 6. HP: 34/44 MP: 11/11
  2119 | D:2      | Got the Papyrus of Poisonous Energy
  2300 | D:3      | Slain by a gnoll

Illustrated notes

Levels and vault maps discovered:
D:1:      onia_arrival_handbag, layout_loops_ring, minmay_misc_feat_tiny,
          nrook_mini_vaults
D:2:      layout_loops_corners, uniq_sigmund
D:3:      layout_rooms, small_statue_intersection

Skill      XL: |  1  2  3  4  5 |
---------------+----------------+-----
Invocations    | 1 2 |  2.0
Fighting       | 1 |  1.8
Long Blades    | 1 |  1.8
Axes           | 1 |  1.8
Maces & Flails | 1 |  1.8
Polearms       | 1 |  1.8
Staves         | 1 |  1.8
Ranged Weapons | 1 |  1.8
Throwing       | 1 |  1.8
Dodging        | 1 |  1.8
Shields        | 1 |  1.8
Unarmed Combat | 1 |  1.8
Evocations     | 1 |  1.8
Spellcasting   | 3 |  3.3
Conjurations   | 1 |  1.4
Hexes          | 1 |  1.4
Summonings     | 1 |  1.4
Necromancy     | 1 |  1.4
Translocations | 1 |  1.4
Fire Magic     | 1 |  1.4
Ice Magic      | 1 |  1.4
Air Magic      | 1 |  1.4
Earth Magic    | 1 |  1.4
Poison Magic   | 1 |  1.4
Stealth        | 3 |  3.0
Short Blades   | |  4.9
Armour         | |  4.9
Transmutations | |  7.2

Action                   |  1- 3 |  4- 6 || total
-------------------------+-------+-------++-------
Melee: Short sword       |    76 |    27 ||   103
       Bite              |     6 |     2 ||     8
       Punch             |     1 |     1 ||     2
       Scimitar          |       |    34 ||    34
 Fire: Sling             |    61 |    45 ||   106
 Cast: Sting             |    17 |       ||    17
Armor: Robe              |     3 |       ||     3
       Leather armour    |    30 |       ||    30
       Ring mail         |     3 |    46 ||    49
Dodge: Dodged            |    57 |    37 ||    94

Table legend: (Time is in decaauts)
 A = Elapsed time spent in this place.
 B = Non-inter-level travel time spent in this place.
 C = Inter-level travel time spent in this place.
 D = Time resting spent in this place.
 E = Time spent auto-exploring this place.
 F = Levels seen in this place.
 G = Mean time per level.
                   A        B        C        D        E       F      G
               +--------+--------+--------+--------+--------+-----+--------+
         Total |   2319 |   2259 |     60 |    442 |   1275 |   3 |  773.0 |
       Dungeon |   2319 |   2259 |     60 |    442 |   1275 |   3 |  773.0 |
               +--------+--------+--------+--------+--------+-----+--------+

Top non-repeatable levels by time:
     D:1: 1185 daAuts
     D:2: 1081 daAuts
     D:3: 53 daAuts
